MID
DAYTON DRAGONS @ SOUTH BEND CUBS
04/19/2099
 
TOP OF THE 1ST
Dayton Dragons batting - Pitching for South Bend Cubs : RHP Jim Unknown
Pitching: RHP Jim Unknown
Batting: LHB Troy Gallagher 0-0: Ball
1-0: Fly out, F2 (Popup, 15S, EV 85.6 MPH)
Batting: LHB Josh Southerland 0-0: Ball
1-0: Ball
2-0: Called Strike
2-1: Ball
3-1: SINGLE (Line Drive, 78S, EV 90.6 MPH)
Batting: RHB Steven Oney 0-0: Grounds into double play, 1-4-3 (Groundball, 15, EV 70.6 MPH)
Top of the 1st over - 0 runs, 1 hit, 0 errors, 0 left on base; Dayton 0 - South Bend 0
BOTTOM OF THE 1ST
South Bend Cubs batting - Pitching for Dayton Dragons : RHP Mike Reed
Pitching: RHP Mike Reed
Batting: RHB Craig Bennett 0-0: Ball
1-0: Ball
2-0: Swinging Strike
2-1: Ball
3-1: Foul Ball, location: 25FF
3-2: Base on Balls
Batting: LHB Nigel Foster 0-0: Called Strike
0-1: Ball
Craig Bennett steals 2nd base
1-1: Swinging Strike
1-2: Foul Ball, location: 9LMF
1-2: Foul Ball, location: 7LSF
1-2: Ground out U3 (Groundball, 34, EV 81.9 MPH)
Craig Bennett to third
Batting: LHB Paul Starmer 0-0: Called Strike
0-1: Ball
1-1: Called Strike
1-2: Foul Ball, location: 2F
1-2: Ground out 6-3 (Groundball, 6, EV 81.9 MPH)
Batting: SHB David Green 0-0: Ball
1-0: Swinging Strike
1-1: SINGLE (Groundball, 34D, EV 95.0 MPH)
Craig Bennett scores
Batting: LHB Vic Payne 0-0: Ball
1-0: Foul Ball, location: 3SF
1-1: Foul Ball, location: 2F
1-2: Ground out U3 (Groundball, 3, EV 90.0 MPH)
Bottom of the 1st over - 1 run, 1 hit, 0 errors, 1 left on base; Dayton 0 - South Bend 1
TOP OF THE 2ND
Dayton Dragons batting - Pitching for South Bend Cubs : RHP Jim Unknown
Batting: LHB Alexis Viramontes 0-0: Ball
1-0: Ground out U3 (Groundball, 34S, EV 65.0 MPH)
Batting: RHB Antonio Villasenor 0-0: Ball
1-0: Ball
2-0: Foul Ball, location: 25FF
2-1: SINGLE (Groundball, 3D, EV 98.8 MPH)
Batting: RHB Jeff Horn 0-0: SINGLE (Line Drive, 78S, EV 95.0 MPH)
Antonio Villasenor to second
Antonio Villasenor to third
Batting: RHB Daniel Salinas 0-0: Ball
1-0: Grounds into double play, 5-4-3 (Groundball, 56, EV 105.6 MPH)
Top of the 2nd over - 0 runs, 2 hits, 0 errors, 1 left on base; Dayton 0 - South Bend 1
BOTTOM OF THE 2ND
South Bend Cubs batting - Pitching for Dayton Dragons : RHP Mike Reed
Batting: RHB Tristan Greenwood 0-0: Called Strike
0-1: Swinging Strike
0-2: Ball
1-2: Reached via error on a dropped throw from 3B, E3 (Groundball, 56, EV 86.9 MPH)
Batting: RHB Brian Newman 0-0: Ground out U3 (Groundball, 3, EV 103.8 MPH)
Tristan Greenwood to second
Batting: RHB Jason Hassinger 0-0: Called Strike
0-1: Ball
Wild Pitch!
Tristan Greenwood to third
1-1: Ball
2-1: Called Strike
2-2: Foul Ball, location: 9LDF
2-2: Foul Ball, location: 9LDF
2-2: Strikes out swinging
Batting: RHB John Grundy 0-0: Ball
1-0: Called Strike
1-1: Ball
2-1: Ball
3-1: Called Strike
3-2: Strikes out swinging
Bottom of the 2nd over - 0 runs, 0 hits, 1 error, 1 left on base; Dayton 0 - South Bend 1
TOP OF THE 3RD
Dayton Dragons batting - Pitching for South Bend Cubs : RHP Jim Unknown
Batting: SHB Ray Bennett 0-0: Ground out 4-3 (Groundball, 4, EV 79.4 MPH)
Batting: RHB Leo Lozoya 0-0: Ball
1-0: Foul Ball, location: 25F
1-1: Fly out, F8 (Flyball, 89S, EV 93.1 MPH)
Batting: LHB Troy Gallagher 0-0: Fly out, F7 (Line Drive, 7S, EV 109.4 MPH)
Top of the 3rd over - 0 runs, 0 hits, 0 errors, 0 left on base; Dayton 0 - South Bend 1
BOTTOM OF THE 3RD
South Bend Cubs batting - Pitching for Dayton Dragons : RHP Mike Reed
Batting: RHB Craig Bennett 0-0: SINGLE (Groundball, 2L, EV 65.6 MPH) (infield hit)
Batting: LHB Nigel Foster 0-0: Called Strike
0-1: Ball
1-1: Ball
2-1: Ball
3-1: Sac Bunt to 23 - play at first, batter OUT! 3-4
Craig Bennett to second
Batting: LHB Paul Starmer 0-0: Called Strike
0-1: Ground out U3 (Groundball, 3, EV 83.8 MPH)
Craig Bennett to third
Batting: SHB David Green 0-0: Ball
1-0: Called Strike
1-1: Ball
2-1: Swinging Strike
2-2: Foul Ball, location: 7LSF
2-2: Ball
3-2: Strikes out looking
Bottom of the 3rd over - 0 runs, 1 hit, 0 errors, 1 left on base; Dayton 0 - South Bend 1
TOP OF THE 4TH
Dayton Dragons batting - Pitching for South Bend Cubs : RHP Jim Unknown
Batting: LHB Josh Southerland 0-0: Called Strike
0-1: Ball
1-1: Ball
2-1: Called Strike
2-2: Ball
3-2: Foul Ball, location: 2F
3-2: Base on Balls
Batting: RHB Steven Oney 0-0: Ball
1-0: Foul Ball, location: 9LMF
1-1: Ball
2-1: Ball
3-1: Swinging Strike
3-2: Foul Ball, location: 2F
3-2: SINGLE (Line Drive, 9LS, EV 91.3 MPH)
Josh Southerland to second
Runner from 2nd tries for 3rd, SAFE, throw by RF made to third
Batting: LHB Alexis Viramontes 0-0: Foul Ball, location: 5SF
0-1: Fielders Choice at 2nd, 1-4 (Groundball, 15, EV 65.0 MPH)
Batting: RHB Antonio Villasenor 0-0: Ball
1-0: Foul Ball, location: 2F
1-1: Called Strike
1-2: Ball
2-2: Foul Ball, location: 7LMFF
2-2: Strikes out swinging
Batting: RHB Jeff Horn 0-0: Ball
1-0: SINGLE (Line Drive, 8RS, EV 90.0 MPH)
Josh Southerland scores
Alexis Viramontes to second
Batting: RHB Daniel Salinas 0-0: Ball
1-0: Ball
2-0: Called Strike
2-1: Ball
Passed Ball!
Alexis Viramontes to third
Jeff Horn to second
3-1: Fly out, F8 (Flyball, 8LD, EV 101.9 MPH)
Top of the 4th over - 1 run, 2 hits, 0 errors, 2 left on base; Dayton 1 - South Bend 1
BOTTOM OF THE 4TH
South Bend Cubs batting - Pitching for Dayton Dragons : RHP Mike Reed
Batting: LHB Vic Payne 0-0: Ball
1-0: Called Strike
1-1: Swinging Strike
1-2: Strikes out swinging
Batting: RHB Tristan Greenwood 0-0: Fly out, F3 (Popup, 3F, EV 81.3 MPH)
Batting: RHB Brian Newman 0-0: Ball
1-0: Called Strike
1-1: Ball
2-1: Ball
3-1: Base on Balls
Batting: RHB Jason Hassinger 0-0: Ball
1-0: Ball
2-0: Ball
3-0: Base on Balls
Brian Newman to second
Batting: RHB John Grundy 0-0: Ball
1-0: Called Strike
1-1: Ground out 4-3 (Groundball, 4, EV 81.3 MPH)
Bottom of the 4th over - 0 runs, 0 hits, 0 errors, 2 left on base; Dayton 1 - South Bend 1
TOP OF THE 5TH
Dayton Dragons batting - Pitching for South Bend Cubs : RHP Jim Unknown
Batting: SHB Ray Bennett 0-0: Ball
1-0: Called Strike
1-1: Swinging Strike
1-2: Foul Ball, location: 7LMF
1-2: Strikes out swinging
Batting: RHB Leo Lozoya 0-0: Swinging Strike
0-1: Called Strike
0-2: Foul Ball, location: 9LMF
0-2: Ball
1-2: Ball
2-2: Foul Ball, location: 2F
2-2: Strikes out swinging
Batting: LHB Troy Gallagher 0-0: Ball
1-0: Ball
2-0: Fly out, F8 (Flyball, 78D, EV 99.4 MPH)
Top of the 5th over - 0 runs, 0 hits, 0 errors, 0 left on base; Dayton 1 - South Bend 1
BOTTOM OF THE 5TH
South Bend Cubs batting - Pitching for Dayton Dragons : RHP Mike Reed
Batting: RHB Craig Bennett 0-0: Called Strike
0-1: Ball
1-1: Ball
2-1: Ball
3-1: Foul Ball, location: 2F
3-2: Base on Balls
Batting: LHB Nigel Foster 0-0: Ball
Wild Pitch!
Craig Bennett to second
1-0: Called Strike
1-1: Ball
2-1: Ball
3-1: Base on Balls
Batting: LHB Paul Starmer 0-0: Ball
1-0: Ball
2-0: Reached on error, E4 (Groundball, 4, EV 85.0 MPH)
Craig Bennett to third
Nigel Foster to second
Pitching: LHP Pete Eckstrom
Batting: SHB David Green 0-0: Foul Ball, location: 9LDF
0-1: Grounds into double play, 6-2-3 (Groundball, 6, EV 101.9 MPH)
Nigel Foster to third
Paul Starmer to second
Pinch Hitting: RHB Michael Guimond 0-0: Ball
1-0: Called Strike
1-1: Ball
2-1: Ball
3-1: Base on Balls
Batting: RHB Tristan Greenwood 0-0: Ball
1-0: Foul Ball, location: 2LF
1-1: Fly out, F8 (Flyball, 8LM, EV 91.3 MPH)
Bottom of the 5th over - 0 runs, 0 hits, 1 error, 3 left on base; Dayton 1 - South Bend 1
TOP OF THE 6TH
Dayton Dragons batting - Pitching for South Bend Cubs : RHP Jim Unknown
Now in RF: Chris Thompkins
Batting: LHB Josh Southerland 0-0: Ball
1-0: Ball
2-0: Ball
3-0: Called Strike
3-1: Foul Ball, location: 7LDF
3-2: SINGLE (Flyball, 78S, EV 93.8 MPH)
Batting: RHB Steven Oney 0-0: Ball
1-0: Grounds into double play, 5-4-3 (Groundball, 56, EV 108.1 MPH)
Batting: LHB Alexis Viramontes 0-0: Foul Ball, location: 25F
0-1: Ball
1-1: Ball
2-1: Ground out 6-3 (Groundball, 6M, EV 80.6 MPH)
Top of the 6th over - 0 runs, 1 hit, 0 errors, 0 left on base; Dayton 1 - South Bend 1
BOTTOM OF THE 6TH
South Bend Cubs batting - Pitching for Dayton Dragons : LHP Pete Eckstrom
Batting: RHB Brian Newman 0-0: Foul Ball, location: 3F
0-1: Ball
1-1: Called Strike
1-2: SINGLE (Groundball, 3D, EV 97.5 MPH)
Batting: RHB Jason Hassinger 0-0: Ball
1-0: Called Strike
1-1: Foul Ball, location: 9LSF
1-2: Ball
2-2: Foul Ball, location: 7LSF
2-2: Strikes out swinging
Batting: RHB John Grundy 0-0: Called Strike
0-1: Ball
1-1: Foul Ball, location: 2F
1-2: Fielders Choice at 2nd, 4-6 (Groundball, 4, EV 87.5 MPH)
Batting: RHB Craig Bennett 0-0: Ball
1-0: Fly out, F9 (Flyball, 9, EV 99.4 MPH)
Bottom of the 6th over - 0 runs, 1 hit, 0 errors, 1 left on base; Dayton 1 - South Bend 1
TOP OF THE 7TH
Dayton Dragons batting - Pitching for South Bend Cubs : RHP Jim Unknown
Batting: RHB Antonio Villasenor 0-0: Ball
1-0: Ball
2-0: Foul Ball, location: 3F
2-1: Ball
3-1: Foul Ball, location: 2F
3-2: DOUBLE (Line Drive, 9LS, EV 87.5 MPH)
Batting: RHB Jeff Horn 0-0: Intentional Walk
Batting: RHB Daniel Salinas 0-0: Called Strike
0-1: Foul Ball, location: 5FF
0-2: Foul Ball, location: 3FF
0-2: SINGLE (Groundball, 34D, EV 96.9 MPH)
Antonio Villasenor to third
Jeff Horn to second
Batting: SHB Ray Bennett 0-0: Called Strike
0-1: Swinging Strike
0-2: Ball
1-2: Ball
2-2: Foul Ball, location: 7LDF
2-2: Strikes out looking
Batting: RHB Leo Lozoya 0-0: Called Strike
0-1: Ball
1-1: Ball
2-1: Foul Ball, location: 23FF
2-2: Ball
3-2: Fly out, F7 (Flyball, 7S, EV 95.0 MPH)
Batting: LHB Troy Gallagher 0-0: Foul Ball, location: 2F
0-1: Ball
1-1: Called Strike
1-2: SINGLE (Line Drive, 9S, EV 92.5 MPH)
Antonio Villasenor scores
Jeff Horn to third
Daniel Salinas to second
Runner from 3rd tries for Home, SAFE, throw by RF to home
Batting: LHB Josh Southerland 0-0: DOUBLE (Line Drive, 8RXD, EV 111.3 MPH)
Daniel Salinas scores
Troy Gallagher to third
Runner from 3rd tries for Home, SAFE, no throw by CF
Pitching: RHP Jim Unknown
Batting: RHB Steven Oney 0-0: Called Strike
0-1: Foul Ball, location: 2F
0-2: Foul Ball, location: 3DF
0-2: Ball
1-2: Ball
2-2: Fly out, F7 (Flyball, 78M, EV 100.0 MPH)
Top of the 7th over - 4 runs, 4 hits, 0 errors, 1 left on base; Dayton 5 - South Bend 1
BOTTOM OF THE 7TH
South Bend Cubs batting - Pitching for Dayton Dragons : LHP Pete Eckstrom
Now at 1B: Alec Nieves
Batting: LHB Nigel Foster 0-0: Ball
1-0: SINGLE (Line Drive, 6MD, EV 98.1 MPH)
Batting: LHB Paul Starmer 0-0: Ball
1-0: Ball
2-0: SINGLE (Groundball, 5, EV 93.8 MPH) (infield hit)
Nigel Foster to second
Batting: SHB David Green 0-0: Foul Ball, location: 9LSF
0-1: Called Strike
0-2: Ball
1-2: Ball
2-2: SINGLE (Line Drive, 9S, EV 105.0 MPH)
Nigel Foster to third
Paul Starmer to second
Batting: LHB Chris Thompkins 0-0: Ball
1-0: Foul Ball, location: 5F
1-1: Called Strike
1-2: DOUBLE (Flyball, 78XD, EV 113.1 MPH)
Nigel Foster scores
Paul Starmer scores
David Green to third
Pitching: RHP Nate Barrett
Batting: RHB Tristan Greenwood 0-0: Foul Ball, location: 5F
0-1: Ball
1-1: Called Strike
1-2: Strikes out swinging
Batting: RHB Brian Newman 0-0: Called Strike
0-1: Ball
1-1: Fly out, F8 (Flyball, 8RD, EV 91.9 MPH)
Batting: RHB Jason Hassinger 0-0: Called Strike
0-1: Ball
1-1: Ball
2-1: Foul Ball, location: 2F
2-2: DOUBLE (Flyball, 8LXD, EV 99.4 MPH)
David Green scores
Chris Thompkins scores
Pinch Hitting: RHB Joel Gosselin 0-0: Ball
1-0: Ground out 6-3 (Groundball, 6, EV 101.9 MPH)
Bottom of the 7th over - 4 runs, 5 hits, 0 errors, 1 left on base; Dayton 5 - South Bend 5
TOP OF THE 8TH
Dayton Dragons batting - Pitching for South Bend Cubs : RHP Jim Unknown
Now at SS: Chad Allen
Batting: LHB Alexis Viramontes 0-0: Ball
1-0: Foul Ball, location: 2F
1-1: Ball
2-1: Foul Ball, location: 3F
2-2: Strikes out swinging
Pinch Hitting: LHB Enrique Oropeza 0-0: Ball
1-0: Ball
2-0: Called Strike
2-1: Ground out 6-3 (Groundball, 6MS, EV 85.0 MPH)
Batting: RHB Jeff Horn 0-0: Ball
1-0: Ball
2-0: Ball
3-0: Base on Balls
Pinch Hitting: LHB Ed Selvage 0-0: Foul Ball, location: 2F
0-1: Swinging Strike
0-2: Ball
1-2: Ball
2-2: Strikes out swinging
Top of the 8th over - 0 runs, 0 hits, 0 errors, 1 left on base; Dayton 5 - South Bend 5
BOTTOM OF THE 8TH
South Bend Cubs batting - Pitching for Dayton Dragons : RHP Nate Barrett
Now at 2B: Enrique Oropeza
Now at 3B: Jacob Morrow
Now at SS: Ray Bennett
Batting: RHB Craig Bennett 0-0: Called Strike
0-1: Ball
1-1: Ball
2-1: Ball
3-1: Base on Balls
Pitching: RHP Leo Orozco
Batting: LHB Nigel Foster 0-0: Ball
Craig Bennett steals 2nd base
1-0: Called Strike
1-1: Ball
Craig Bennett steals 3rd base
2-1: SINGLE (Groundball, 56, EV 102.5 MPH)
Craig Bennett scores
Batting: LHB Paul Starmer 0-0: Ball
1-0: Fielders Choice at 2nd, 3-6 (Groundball, 3, EV 104.4 MPH)
Batting: SHB David Green 0-0: Ball
1-0: Ball
2-0: Foul Ball, location: 2F
2-1: Foul Ball, location: 5SF
2-2: Foul Ball, location: 2F
2-2: Foul Ball, location: 2F
2-2: Fly out, F8 (Flyball, 8LM, EV 85.0 MPH)
Batting: LHB Chris Thompkins 0-0: Foul Ball, location: 2F
0-1: Foul Ball, location: 2F
0-2: Foul Ball, location: 25F
0-2: Ball
1-2: Ball
2-2: SINGLE (Groundball, 6MD, EV 105.6 MPH)
Paul Starmer to second
Batting: RHB Tristan Greenwood 0-0: Called Strike
0-1: Foul Ball, location: 2F
0-2: Ball
1-2: Ball
2-2: Foul Ball, location: 9LSF
2-2: Fielders Choice at 2nd, 5-4 (Groundball, 56, EV 104.4 MPH)
Bottom of the 8th over - 1 run, 2 hits, 0 errors, 2 left on base; Dayton 5 - South Bend 6
TOP OF THE 9TH
Dayton Dragons batting - Pitching for South Bend Cubs : RHP Jim Unknown
Batting: SHB Ray Bennett 0-0: Ball
1-0: Ball
2-0: Ground out U3 (Groundball, 3, EV 86.9 MPH)
Pinch Hitting: RHB Justin Allan 0-0: Fly out, F3 (Popup, 23F, EV 91.9 MPH)
Batting: LHB Troy Gallagher 0-0: Ball
1-0: Ball
2-0: Called Strike
2-1: Foul Ball, location: 2F
2-2: Foul Ball, location: 7LSF
2-2: Foul Ball, location: 2F
2-2: Ball
3-2: Foul Ball, location: 23F
3-2: Fly out, F8 (Line Drive, 8LM, EV 110.6 MPH)
Top of the 9th over - 0 runs, 0 hits, 0 errors, 0 left on base; Dayton 5 - South Bend 6
Saturday, May 4th , 2024 - OOTP Baseball 24.11 Build 85